 Dungeon Sprint DCSS version 0.22-a0-417-g1387785 (webtiles) character file.

562 Mgcat the Fighter (level 7, -2/67 HPs)
             Began as a Demonspawn Skald on May 14, 2018.
             Was a Follower of Okawaru.
             Slain by an unseen horror (8 damage)
             ... in the Dungeon (Sprint IX: "|||||||||||||||||||||||||||||").
             The game lasted 00:03:27 (879 turns).

Mgcat the Fighter (Demonspawn Skald)                 Turns: 879, Time: 00:03:27

Health: -2/67      AC:  4    Str: 13    XL:     7   Next: 10%
Magic:  6/10       EV: 12    Int: 14    God:    Okawaru [*.....]
Gold:   0          SH:  0    Dex: 13    Spells: 5/10 levels left

rFire    . . .     SeeInvis .   q - +2 scimitar of Qytwy {vamp, +Rage +Fly MR+}
rCold    . . .     Gourm    .   (no shield)
rNeg     . . .     Faith    .   b - +0 leather armour
rPois    .         Spirit   .   (helmet restricted)
rElec    .         Reflect  .   n - +0 cloak
rCorr    .         Harm     .   (no gloves)
MR       +....     NoTele   +   (no boots)
Stlth    ++........             (no amulet)
HPRegen  0.21/turn              (no ring)
MPRegen  0.12/turn              (no ring)

@: singing, very slightly contaminated
A: hooves 2, horns 1, demonic guardian 1, nightstalker 1
a: Heroism, Renounce Religion, Evoke Berserk Rage, Evoke Flight


You were in the Dungeon.
You worshipped Okawaru.
Okawaru was aware of your devotion.
You were very hungry.

You visited 1 branch

Inventory:

Hand Weapons
 a - a +0 mace
 q - the +2 scimitar of Qytwy (weapon) {vamp, +Rage +Fly MR+}
   (You found it in the Dungeon)

   It inflicts no extra harm, but heals its wielder when it wounds a living foe.
   It affects your resistance to hostile enchantments.
   It lets you fly.
   It lets you go berserk.
Armour
 b - a +0 leather armour (worn)
 n - a +0 cloak (worn)
   (You found it in the Dungeon)
 r - a +0 plate armour
   (You found it in the Dungeon)
Magical Staves
 l - an uncursed staff of energy {+MP, hungerless spells, !d!a@w1}
   (You found it in the Dungeon)
Jewellery
 o - a +2 ring of evasion
   (You found it in the Dungeon)
 p - a +2 ring of evasion
   (You found it in the Dungeon)
Wands
 m - a wand of acid (10)
   (You found it in the Dungeon)
Scrolls
 i - 3 scrolls of remove curse
 j - 2 scrolls of blinking {!r}
 k - 2 scrolls of amnesia
Potions
 c - a potion of invisibility
 e - a potion of curing
 h - 4 potions of magic


   Skills:
 + Level 10.9 Fighting
 + Level 7.6 Long Blades
 - Level 6.4 Maces & Flails
 - Level 0.8 Armour
 - Level 1.7 Dodging
 - Level 2.0 Spellcasting
 - Level 2.6 Charms


You had 5 spell levels left.
You knew the following spells:

 Your Spells              Type           Power        Failure   Level  Hunger
a - Infusion              Chrm           #...         10%         1    ##.....
b - Song of Slaying       Chrm           #.......     16%         2    ###....
c - Shroud of Golubria    Chrm/Tloc      #.........   26%         2    ###....

Your spell library contained the following spells:

 Spells                   Type           Power        Failure   Level  Hunger
 Regeneration             Chrm/Necr      #.........   45%         3    ####...
 Spectral Weapon          Hex/Chrm       #.......     45%         3    ####...


Dungeon Overview and Level Annotations

Branches:
Dungeon (1/1)

Altars:
Cheibriados
Dithmenos
Elyvilon
Fedhas
Gozag
Hepliaklqana
Kikubaaqudgha
Makhleb
Nemelex Xobeh
Okawaru
Qazlal
Ru
Sif Muna
Trog
Uskayaw
Vehumet
Wu Jian
Xom
Yredelemnul
Zin
The Shining One
Beogh
Jiyva
Lugonu


Innate Abilities, Weirdness & Mutations

You have hoof-like feet.
You have a pair of small horns on your head.
A weak demonic guardian rushes to your aid.
You are slightly more attuned to the shadows.


Message History

The centaur is moderately wounded.
The centaur hits you!
* * * LOW HITPOINT WARNING * * *
You feel better. The centaur hits you!
* * * LOW HITPOINT WARNING * * *
You feel better. The centaur misses you.
You slash the centaur!
The centaur is almost dead.
The centaur closely misses you.
You barely miss the centaur.
You kill the centaur!
Okawaru accepts your kill.
Your Long Blades skill increases to level 7!
The black bear bites you.
* * * LOW HITPOINT WARNING * * *
The black bear claws you.
* * * LOW HITPOINT WARNING * * *
The black bear barely misses you.
Things that are here:
an uncursed shortbow; 10 arrows You hit the black bear.
You feel better.
The black bear is lightly wounded.
The black bear barely misses you. The black bear claws you.
* * * LOW HITPOINT WARNING * * *
The black bear closely misses you.
You hit the black bear but do no damage.
You kick the black bear! You headbutt the black bear.
The black bear is heavily wounded.
You slash the black bear!
You feel better.
You kill the black bear!
Okawaru is honoured by your kill.
You have reached level 7!
Your demonic ancestry asserts itself...
You feel the presence of a demonic guardian.
You start resting.
Your extra speed is starting to run out.
Your song is almost over.
You start resting.
You feel yourself slow down.
You start resting.
Your song has ended.
Your magical contamination has completely faded away.
You start resting.
Magic restored.
You are feeling hungry.
You start resting.
HP restored.
You start resting.
You are feeling very hungry.
You start resting.
HP restored.
Things that are here:
a shortbow; 22 arrows
Items here: ( ) [ ÷ an arrow; a scimitar; a chain mail; an orc skeleton There isn't anything to butcher here.
Things that are here:
a shortbow; 22 arrows There isn't anything to butcher here.
You aren't carrying any food.
Things that are here:
an uncursed shortbow; 10 arrows There isn't anything to butcher here.
You open the door.
A scorpion, an orc warrior, a crimson imp and a skeleton come into view.
The crimson imp shouts!
The orc warrior shouts!
Something barely misses you.
Casting: Song of Slaying (safe; 16% risk of failure)
Confirm with . or Enter, or press ? or * to list all spells.
You miscast Infusion.
You are very lightly contaminated with residual magic.
The air around you crackles with energy!
Something hits you but does no damage.
Deactivating autopickup; reactivate with Ctrl-A.
Casting: Infusion (safe; 10% risk of failure)
Confirm with . or Enter, or press ? or * to list all spells.
You start singing a song of slaying.
Something hits you but does no damage. Something hits you!
The crimson imp blinks!
Something hits you. x2
You closely miss something. Your kick misses something. Something hits you!
A gargoyle comes into view. It is wielding a mace.
You slash something! Something hits you but does no damage. Something hits you!
The crimson imp blinks!
Something hits you!
You slash something!
You feel better. Something hits you but does no damage. Something hits you!
Casting: Song of Slaying (safe; 16% risk of failure)
Confirm with . or Enter, or press ? or * to list all spells.
Space distorts slightly along a thin shroud covering your body.
Your shroud bends something's attack away.
You barely miss something. Your kick misses something.
Something hits you but does no damage. Something hits you.
* * * LOW HITPOINT WARNING * * *
Something hits you!
* * * LOW HITPOINT WARNING * * *
Your shroud falls apart!
You completely miss something. Your headbutt misses something.
Something hits you.
* * * LOW HITPOINT WARNING * * *
You hit something.
You feel better. Something hits you!
You die...

▓.▓
▓.▓
▓'▓
▓(▓
▓)▓
▓)▓
▓5▓
▓5▓
▓@▓
▓'▓
▓s▓
▓Z▓
▓5▓
▓o▓
▓9▓


You could see an orc warrior, a gargoyle, a scorpion, a crimson imp, a quokka
skeleton, a friendly iron imp and a friendly ufetubus.

Vanquished Creatures
  An orc warrior (D)
  A sky beast (D)
  A black bear (D)
  A phantom (D)
  2 centaurs (D)
  A jelly (D)
  A bat (D)
  A bat zombie (D)
  2 goblins (D)
  2 quokkas (D)
  A ball python (D)
  A frilled lizard (D)
  A rat (D)
16 creatures vanquished.

Notes
Turn   | Place    | Note
-------+----------+-------------------------------------------
     0 | D        | Mgcat the Demonspawn Skald began the quest for the Orb.
     0 | D        | Reached XP level 1. HP: 16/16 MP: 3/3
     7 | D        | Reached skill level 2 in Maces & Flails
    11 | D        | Reached skill level 3 in Fighting
   140 | D        | Noticed a phantom
   140 | D        | Noticed a jelly
   151 | D        | Reached skill level 3 in Maces & Flails
   153 | D        | Killed a jelly
   153 | D        | Reached skill level 4 in Fighting
   153 | D        | Reached skill level 4 in Maces & Flails
   153 | D        | Gained mutation: You are slightly more attuned to the shadows. [demonic ancestry]
   153 | D        | Reached XP level 2. HP: 13/26 MP: 0/5
   153 | D        | Gained mutation: You have a pair of small horns on your head. [demonic ancestry]
   153 | D        | Reached XP level 3. HP: 16/32 MP: 0/6
   155 | D        | Reached skill level 5 in Fighting
   170 | D        | HP: 2/33 [phantom (7)]
   172 | D        | Killed a phantom
   172 | D        | Reached skill level 7 in Fighting
   172 | D        | Reached skill level 6 in Maces & Flails
   172 | D        | Gained mutation: You have large cloven feet. [demonic ancestry]
   172 | D        | Reached XP level 4. HP: 2/43 MP: 0/7
   471 | D        | Learned a level 2 spell: Song of Slaying
   474 | D        | Learned a level 2 spell: Shroud of Golubria
   474 | D        | Found a roughly hewn altar of Beogh.
   474 | D        | Found a snail-covered altar of Cheibriados.
   474 | D        | Found a shadowy altar of Dithmenos.
   474 | D        | Found a white marble altar of Elyvilon.
   474 | D        | Found a blossoming altar of Fedhas.
   475 | D        | Found an opulent altar of Gozag.
   476 | D        | Found a hazy altar of Hepliaklqana.
   477 | D        | Found a viscous altar of Jiyva.
   478 | D        | Found an ancient bone altar of Kikubaaqudgha.
   479 | D        | Found a corrupted altar of Lugonu.
   480 | D        | Found a burning altar of Makhleb.
   481 | D        | Found a sparkling altar of Nemelex Xobeh.
   486 | D        | Found an iron altar of Okawaru.
   487 | D        | Found a stormy altar of Qazlal.
   488 | D        | Found a sacrificial altar of Ru.
   489 | D        | Found a deep blue altar of Sif Muna.
   490 | D        | Found a bloodstained altar of Trog.
   491 | D        | Found a hide-covered altar of Uskayaw.
   494 | D        | Found a radiant altar of Vehumet.
   495 | D        | Became a worshipper of Warmaster Okawaru
   496 | D        | Found an ornate altar of the Wu Jian Council.
   497 | D        | Found a shimmering altar of Xom.
   498 | D        | Found a basalt altar of Yredelemnul.
   499 | D        | Found a glowing silver altar of Zin.
   500 | D        | Found a glowing golden altar of the Shining One.
   529 | D        | Got the +2 scimitar of Qytwy {vamp, +Rage +Fly MR+}
   543 | D        | Noticed an orc warrior
   543 | D        | Noticed a sky beast
   543 | D        | Noticed a centaur
   543 | D        | Noticed a centaur
   544 | D        | Noticed a black bear
   546 | D        | HP: 1/43 [orc warrior/scimitar (20)]
   555 | D        | HP: 7/43 [orc warrior/scimitar (17)]
   558 | D        | Killed an orc warrior
   558 | D        | Reached skill level 8 in Fighting
   558 | D        | Reached skill level 4 in Long Blades
   558 | D        | Gained mutation: You have hoof-like feet. [demonic ancestry]
   558 | D        | Reached XP level 5. HP: 22/51 MP: 8/8
   562 | D        | HP: 10/51 [sky beast (6)]
   567 | D        | Killed a sky beast
   567 | D        | Reached * piety under Okawaru
   567 | D        | Reached skill level 9 in Fighting
   567 | D        | Reached skill level 5 in Long Blades
   567 | D        | Reached XP level 6. HP: 17/59 MP: 9/9
   574 | D        | Reached skill level 10 in Fighting
   574 | D        | Reached skill level 6 in Long Blades
   576 | D        | HP: 11/60 [centaur (8)]
   578 | D        | HP: 3/60 [centaur (9)]
   581 | D        | Reached skill level 7 in Long Blades
   583 | D        | HP: 6/61 [black bear (1)]
   585 | D        | Gained mutation: A weak demonic guardian rushes to your aid. [demonic ancestry]
   585 | D        | Reached XP level 7. HP: 10/67 MP: 6/10
   874 | D        | Noticed a gargoyle
   877 | D        | HP: 15/67 [something (6)]
   877 | D        | HP: 6/67 [something (9)]
   879 | D        | Slain by an unseen horror

Vault maps used:
D:        linesprint

Skill      XL: |  1  2  3  4  5  6 |
---------------+-------------------+-----
Maces & Flails | 4 6 |  6.4
Fighting       | 4 7 8 9 10 | 10.9
Long Blades    | 4 5 7 |  7.6
Armour         | |  0.8
Dodging        | |  1.7
Spellcasting   | |  2.0
Charms         | |  2.6

Action                   |  1- 3 |  4- 6 |  7- 9 || total
-------------------------+-------+-------+-------++-------
Melee: Mace              |    36 |       |       ||    36
       Headbutt          |     2 |     4 |       ||     6
       Scimitar          |       |    28 |     6 ||    34
       Kick              |       |     8 |       ||     8
 Cast: Infusion          |     3 |       |       ||     3
       Song of Slaying   |       |     1 |     1 ||     2
       Shroud of Golubri |       |       |     1 ||     1
  Use: Potion            |     2 |     7 |       ||     9
  Eat: Ration            |       |     1 |       ||     1
Armor: Leather armour    |     7 |     4 |     5 ||    16
Dodge: Dodged            |    21 |    15 |     1 ||    37
       Rpst.: Scimitar   |       |     2 |       ||     2

Table legend:
 A = Spawn XP
 B = Non-spawn XP
 C = Spawn XP percentage of total XP
 D = Spawn monster count
 E = Non-spawn monster count
 F = Spawn count percentage of total count
 G = Total turns spent on level
                    A         B        C        D         E        F      G
               +---------+---------+-------+---------+---------+-------+---------
         Total |       0 |     804 |   0.0 |       0 |      16 |   0.0 |   879
               +---------+---------+-------+---------+---------+-------+---------
             D |       0 |     804 |   0.0 |       0 |      16 |   0.0 |   879
               +---------+---------+-------+---------+---------+-------+---------

Vault maps used:
D:        linesprint

Table legend:
 A = Turns spent in this place as a percentage of turns spent in the entire game.
 B = Non-inter-level travel turns spent in this place as a percentage of non-inter-level travel turns spent in the entire game.
 C = Inter-level travel turns spent in this place as a percentage of turns spent in this place.
 D = Turns resting spent in this place as a percentage of non-inter-level travel turns spent in this place.
 E = Turns spent auto-exploring this place as a percentage of non-inter-level travel turns spent in this place.
 F = Non-inter-level travel turns spent in this place divided by the number of levels of this place that you've seen.
                   A       B       C       D       E      F
               +-------+-------+-------+-------+-------+----------------------
         Total | 100.0 | 100.0 |   0.0 |  75.4 |   0.0 | 879.0
       Dungeon | 100.0 | 100.0 |   0.0 |  75.4 |   0.0 | 879.0
               +-------+-------+-------+-------+-------+----------------------

Table legend:
 A = Kills in this place as a percentage of kills in entire the game.
 B = Kills by you in this place as a percentage of kills by you in the entire game.
 C = Kills by friends in this place as a percentage of kills by friends in the entire game.
 D = Other kills in this place as a percentage of other kills in the entire game.
 E = Experience gained in this place as a percentage of experience gained in the entire game.
 F = Experience gained in this place divided by the number of levels of this place that you have seen.
                   A       B       C       D       E      F
               +-------+-------+-------+-------+-------+----------------------
         Total | 100.0 | 100.0 |   N/A |   N/A | 100.0 | 804.0
       Dungeon | 100.0 | 100.0 |   N/A |   N/A | 100.0 | 804.0
               +-------+-------+-------+-------+-------+----------------------
